 Dungeon Crawl Stone Soup version 0.18-a0-1481-g708b138 (webtiles) character file.

574 Duffy the Ruffian (level 7, 66/66 HPs)
             Began as a Troll Fighter on Mar 2, 2016.
             Quit the game on level 4 of the Dungeon.
             The game lasted 00:03:15 (3085 turns).

Duffy the Ruffian (Troll Fighter)                   Turns: 3085, Time: 00:03:15

Health: 66/66      AC:  5    Str: 25    XL:     7   Next: 12%
Magic:  6/6        EV: 10    Int:  5    God:
Gold:   227        SH:  0    Dex: 10    Spells: 0 memorised, 6 levels left

rFire  . . .     SeeInvis .       - Unarmed
rCold  . . .     Gourm    +     v - +0 robe (curse)
rNeg   . . .     Faith    .     (no shield)
rPois  .         Spirit   .     (helmet restricted)
rElec  .         Dismiss  .     (no cloak)
rCorr  .         Reflect  .     (gloves unavailable)
SustAt .         Harm     .     (boots unavailable)
MR     .....                    (no amulet)
Stlth  +.........               (no ring)
                                (no ring)

@: not resistant to hostile enchantments, very unstealthy
A: unfitting armour, claws 3, fast metabolism 3, gourmand, regeneration 2,
shaggy fur 1, tough skin 2
a: no special abilities


You were on level 4 of the Dungeon.
You were completely stuffed.

You visited 1 branch of the dungeon, and saw 4 of its levels.

You collected 227 gold pieces.


Innate Abilities, Weirdness & Mutations

You are too large for most types of armour.
You have claws for hands.
Your metabolism is lightning-fast.
You like to eat raw meat.
You heal very quickly.
You are covered in fur (AC +1).
You have very tough skin (AC +2).


   Skills:
 - Level 2.4 Fighting
 - Level 2.4 Dodging
 - Level 2.4 Shields
 + Level 7.9 Unarmed Combat


You had 6 spell levels left.
You didn't know any spells.

Inventory:

Missiles
 h - 16 poisoned needles
 n - 7 tomahawks (quivered)
Armour
 a - a +0 robe
 b - a +0 shield
 v - a cursed +0 robe (worn)
Jewellery
 j - an uncursed ring of fire
Wands
 q - a wand of lightning (7/15)
 s - a wand of random effects (20/48)
Scrolls
 k - a scroll of blinking {unknown}
 l - 5 scrolls of remove curse
 m - a scroll of enchant armour {unknown}
 o - a scroll of random uselessness {unknown}
 p - a scroll of teleportation {unknown}
 y - a scroll of amnesia {unknown}
Potions
 c - a potion of might
 e - 5 potions of curing
 g - 2 potions of lignification
 i - 2 potions of brilliance
 r - a potion of agility {unknown}
 w - a potion of invisibility {unknown}
 z - a potion of heal wounds {unknown}
Comestibles
 d - 3 bread rations
 f - a beef jerky
 t - 3 meat rations
 u - 4 fruits
 x - 4 chunks of flesh

Dungeon Overview and Level Annotations

Branches:
Dungeon (4/15)
 Temple: D:4-7

Altars:
Ashenzari
Dithmenos
Kikubaaqudgha
Okawaru
Yredelemnul


Message History

x - 7 chunks of flesh (gained 3)
You open the door.
There is an open door here.
Some of the chunks of flesh in your inventory have rotted away.
As you open the door, it creaks loudly!
Found a stone staircase leading down.
There is an open door here.
There is an open door here.
Eating one of 6 chunks of flesh.
This raw flesh tastes great.
You continue eating. x2
There is an open door here.
There is an open door here.
You open the door.
Found 23 stones.
There is an open door here.
You open the door.
There is an open door here.
l - 5 scrolls of remove curse (gained 1)
You open the door.
There is an open door here.
You open the door.
There is an open door here.
There is an open door here.
There is an open door here.
You open the door.
There is an open door here.
There is an open door here.
You see here 20 stones.
Eating one of 5 chunks of flesh.
This raw flesh tastes great.
You continue eating. x2
There is an open door here.
Done exploring.
Done exploring.
Done exploring.
Are you sure you want to abandon this character and quit the game? (Confirm with "yes".)

....# ....# ....#
....# ....#
....###########
#...>....#....######
#........#.........#
#........'......@..#
#........#.........#
#........#.........#
#........#######...#
....##'##.....######
....#...#.....#
....#...#.....#
....+...#.....#
..%.#####.....#######


There were no monsters in sight!

Action                   |  1- 3 |  4- 6 |  7- 9 || total
-------------------------+-------+-------+-------++-------
Melee: Unarmed           |    80 |   146 |    16 ||   242
  Use: Scroll            |     3 |     2 |       ||     5
  Eat: Chunk             |    14 |    17 |     3 ||    34

Notes
Turn   | Place    | Note
--------------------------------------------------------------
     0 | D:1      | Duffy the Troll Fighter began the quest for the Orb.
     0 | D:1      | Reached XP level 1. HP: 22/22 MP: 0/0
   213 | D:1      | Reached XP level 2. HP: 22/29 MP: 1/1
   331 | D:1      | Reached skill level 3 in Unarmed Combat
   699 | D:1      | Reached XP level 3. HP: 31/36 MP: 2/2
   895 | D:2      | Reached skill level 4 in Unarmed Combat
   937 | D:2      | Reached XP level 4. HP: 35/44 MP: 3/3
   983 | D:2      | Noticed Natasha
   992 | D:2      | Killed Natasha
   992 | D:2      | Reached skill level 5 in Unarmed Combat
   997 | D:2      | Found an ancient bone altar of Kikubaaqudgha.
  1204 | D:2      | Noticed Natasha
  1210 | D:2      | Killed Natasha
  1210 | D:2      | Reached XP level 5. HP: 36/50 MP: 4/4
  1283 | D:2      | Found an iron altar of Okawaru.
  1568 | D:3      | Noticed Natasha
  1573 | D:3      | Killed Natasha
  1761 | D:3      | Reached skill level 6 in Unarmed Combat
  1811 | D:3      | Found a basalt altar of Yredelemnul.
  1832 | D:3      | Reached XP level 6. HP: 57/59 MP: 5/5
  2116 | D:3      | Found a shattered altar of Ashenzari.
  2441 | D:4      | Noticed Menkaure
  2445 | D:4      | Killed Menkaure
  2445 | D:4      | Reached skill level 7 in Unarmed Combat
  2768 | D:4      | Reached XP level 7. HP: 53/66 MP: 6/6
  2832 | D:4      | Found a shadowy altar of Dithmenos.
  3085 | D:4      | Quit the game

Vault maps used:
D:1:      erik_arrival_gehennom, minmay_misc_feat_nine_boxes,
          minmay_crystal_water
D:2:      lemuel_round_altar, lemuel_crystal_altar, minmay_fountain_box,
          uniq_natasha
D:3:      marbit_many_paths, lemuel_doored_altar
D:4:      grunt_dithmenos_shadows, grunt_ministairs_1, uniq_menkaure

Vanquished Creatures
  Menkaure
  A scorpion
  A giant frog skeleton
  A hound
  An orc priest Natasha (thrice)
  An iguana
  An orc wizard
  A worker ant
  6 adders
  A shadow imp
  4 oozes
  3 worms
  A giant gecko
  7 orcs
  2 ball pythons
  4 giant cockroaches
  10 goblins
  6 hobgoblins
  6 jackals
  7 bats
  5 giant newts
  8 kobolds
  10 rats
91 creatures vanquished.
